 Dungeon Crawl Stone Soup version 0.23-a0-819-g6debee6 (webtiles) character file.

67 Klosterheim the Poker (level 4, 0/35 HPs)
             Began as a Merfolk Gladiator on Jan 22, 2019.
             Slain by Crazy Yiuf
             ... wielding a +4 quarterstaff of chaos
              (1 damage)
             ... on level 2 of the Dungeon.
             The game lasted 00:02:41 (1625 turns).

Klosterheim the Poker (Merfolk Gladiator)           Turns: 1625, Time: 00:02:42

Health: 0/35       AC:  9    Str: 15    XL:     4   Next: 18%
Magic:  4/4        EV:  8    Int: 12    God:
Gold:   96         SH:  0    Dex: 15    Spells: 3/3 levels left

rFire    . . .     SeeInvis .   a - +0 trident
rCold    . . .     Gourm    .   (no shield)
rNeg     . . .     Faith    .   k - +0 chain mail
rPois    .         Spirit   .   c - +0 helmet
rElec    .         Reflect  .   (no cloak)
rCorr    .         Harm     .   (no gloves)
MR       .....                  (no boots)
Stlth    ..........             (no amulet)
HPRegen  0.11/turn              (no ring)
MPRegen  0.09/turn              (no ring)

@: brilliant, slowed, very slow
A: change form in water, swift swim, stealthy swim
a: no special abilities


You were on level 2 of the Dungeon.
You were not hungry.

You visited 1 branch of the dungeon, and saw 2 of its levels.

You collected 96 gold pieces.

Inventory:

Hand Weapons
 a - a +0 trident (weapon)
Missiles
 d - a throwing net (quivered)
Armour
 b - a +0 leather armour
 c - a +0 helmet (worn)
 k - a +0 chain mail (worn)
Scrolls
 h - a scroll of magic mapping {unknown}
 j - 2 scrolls of immolation {unknown}
 o - a scroll of remove curse {unknown}
Potions
 i - a potion of haste {unknown}
 l - a potion of curing {unknown}
 m - a potion of degeneration {unknown}
 n - a potion of lignification {unknown}
Comestibles
 f - 3 rations
 g - 3 chunks of flesh


   Skills:
 + Level 3.2 Fighting
 + Level 5.4 Polearms
 - Level 2.0 Throwing
 + Level 5.0 Dodging


You had 3 spell levels left.
You didn't know any spells.
Your spell library was empty.

Dungeon Overview and Level Annotations

Branches:
Dungeon (2/15)

Altars:
Makhleb
Sif Muna
Trog

Annotations:
D:2 Crazy Yiuf


Message History

You barely miss Crazy Yiuf.
Crazy Yiuf is moderately wounded.
Crazy Yiuf hits you with a +4 quarterstaff of chaos!
You feel yourself slow down.
You closely miss Crazy Yiuf.
Crazy Yiuf is moderately wounded.
Crazy Yiuf barely misses you.
You hit Crazy Yiuf.
Crazy Yiuf is heavily wounded.
Crazy Yiuf hits you with a +4 quarterstaff of chaos.
You closely miss Crazy Yiuf.
Crazy Yiuf is heavily wounded.
Crazy Yiuf barely misses you.
Crazy Yiuf twirls on the spot.
Crazy Yiuf hits you but does no damage.
You are electrocuted!
* * * LOW HITPOINT WARNING * * *
It was a potion of brilliance.
You feel clever all of a sudden.
Crazy Yiuf hits you with a +4 quarterstaff of chaos.
You die...

#.#
####....####
#### #.###
#....# #.#.#
#P.PP# #.#.#
##...# #...#
##.## ###.#
##.# #.#
#.## ###
##.# #@##
###########
#g#
#.........#
...
######.##.#
#...#
#.....#.#.#
#)(.#
######.##.#
##### #.##.#
#.##.##
#.##...
#.#####


You could see Crazy Yiuf.

Vanquished Creatures
  2 adders (D:2)
  3 worms (D:2)
  2 dart slugs (D:2)
  2 leopard geckos (D:2)
  A ball python (D:1)
  A giant cockroach (D:2)
  6 goblins
  6 hobgoblins
  5 bats
  4 frilled lizards
  A kobold (D:2)
  2 rats
35 creatures vanquished.

Notes
Turn   | Place    | Note
-------+----------+-------------------------------------------
     0 | D:1      | Klosterheim the Merfolk Gladiator began the quest for the
                  | Orb.
     0 | D:1      | Reached XP level 1. HP: 16/16 MP: 1/1
   177 | D:1      | Reached XP level 2. HP: 21/23 MP: 2/2
   794 | D:2      | Reached skill level 5 in Polearms
   832 | D:2      | Reached XP level 3. HP: 28/28 MP: 3/3
  1159 | D:2      | Found a burning altar of Makhleb.
  1296 | D:2      | Reached XP level 4. HP: 33/35 MP: 4/4
  1424 | D:2      | Found a bloodstained altar of Trog.
  1424 | D:2      | Found a deep blue altar of Sif Muna.
  1437 | D:2      | Reached skill level 5 in Dodging
  1558 | D:2      | Found a runed door.
  1612 | D:2      | Noticed Crazy Yiuf
  1624 | D:2      | HP: 1/35 [Crazy Yiuf/+4 quarterstaff of chaos (11)]
  1625 | D:2      | Slain by Crazy Yiuf

Vault maps used:
D:1:      arrival_zaba_pyramid
D:2:      gammafunk_temple_overflow_wave, lightli_temple_of_fire,
          minmay_tromino_v4_a, uniq_crazy_yiuf_cottage

Skill      XL: |  1  2  3  4 |
---------------+-------------+-----
Polearms       | 5 |  5.4
Fighting       | 3 |  3.2
Dodging        | 5 |  5.0
Throwing       | |  2.0

Action                   |  1- 3 |  4- 6 || total
-------------------------+-------+-------++-------
Melee: Trident           |   122 |    24 ||   146
Throw: Throwing net      |       |     2 ||     2
  Use: Potion            |       |     1 ||     1
 Stab: Sleeping          |     3 |       ||     3
  Eat: Chunk             |     1 |     1 ||     2
Armor: Leather armour    |     8 |       ||     8
       Chain mail        |    21 |     7 ||    28
Dodge: Dodged            |    50 |     8 ||    58

Table legend:
 A = Non-vault XP
 B = Vault XP
 C = Vault XP percentage of total XP
 D = Non-vault monster count
 E = Vault monster count
 F = Vault count percentage of total count
                 A         B        C        D         E       F
            +---------+---------+-------+---------+---------+-------
      Total |      84 |      13 |  13.4 |      31 |       4 |  11.4
            +---------+---------+-------+---------+---------+-------
        D:1 |      20 |       0 |   0.0 |      13 |       0 |   0.0
        D:2 |      64 |      13 |  16.9 |      18 |       4 |  18.2
            +---------+---------+-------+---------+---------+-------
